 Dungeon Crawl Stone Soup version 0.26.0-15-gc6cd9f700b (webtiles) character file.

Game seed: 2493684487487088154

12103 dolemite99 the Grappler (level 11, -20/109 HPs)
             Began as a Troll Transmuter on Jan 17, 2021.
             Was a Priest of Yredelemnul.
             Demolished by a death yak (28 damage)
             ... on level 2 of the Lair of Beasts.
             The game lasted 00:22:43 (14297 turns).

dolemite99 the Grappler (Troll Transmuter)         Turns: 14297, Time: 00:22:43

Health: -20/109    AC:  7    Str: 20    XL:     11   Next: 58%
Magic:  14/14      EV: 10    Int: 12    God:    Yredelemnul [***...]
Gold:   399        SH: 10    Dex: 10    Spells: 9/12 levels left

rFire    . . .     SeeInvis .     - Unarmed
rCold    . . .     Faith    .   r - +0 kite shield
rNeg     . . .     Spirit   .   s - +1 robe {Will+}
rPois    .         Reflect  .   (helmet restricted)
rElec    .         Harm     .   j - scarf {repulsion}
rCorr    .         Rampage  .   (gloves unavailable)
Will     +....                  (boots unavailable)
Stlth    +.........             x - amulet of the acrobat
HPRegen  0.68/turn              B - ring of wizardry
MPRegen  0.14/turn              (no ring)

@: mighty, lethally poisoned (-20 -> -20), very slightly contaminated, hasted,
invisible, repel missiles, very quick
A: large, unfitting armour, claws 3, regeneration 1, shaggy fur 1, tough skin 3
a: Renounce Religion, Recall Undead Slaves, Injury Mirror, Animate Dead


You were on level 2 of the Lair of Beasts.
You worshipped Yredelemnul.
Yredelemnul was most pleased with you.
You visited 3 branches of the dungeon, and saw 13 of its levels.

You collected 573 gold pieces.
You spent 174 gold pieces at shops.

Inventory:

Hand Weapons
 c - a +2 dagger of electrocution
 o - a +4 dagger of venom
Missiles
 e - 361 stones
 h - 7 large rocks (quivered)
 i - 120 bolts
 k - 241 arrows
 p - 27 poisoned darts
 y - 10 boomerangs
 C - 4 throwing nets
 G - 3 atropa-tipped darts
Armour
 a - a +0 robe
 j - a scarf of repulsion (worn)
 r - a +0 kite shield (worn)
 s - a +1 robe of willpower (worn)
Magical Staves
 D - an uncursed staff of air
Jewellery
 w - an uncursed amulet of reflection
 x - an amulet of the acrobat (around neck)
 z - an uncursed ring of magical power {unknown}
 B - a ring of wizardry (left claw)
Wands
 m - a wand of paralysis (2)
 t - a wand of flame (55)
 v - a wand of enslavement (3)
 E - a wand of digging (4)
Scrolls
 b - 2 scrolls of amnesia
 l - 5 scrolls of remove curse {@r2}
 q - 5 scrolls of teleportation
 A - 2 scrolls of blinking
 I - a scroll of silence
Potions
 d - 3 potions of attraction
 f - a potion of ambrosia {unknown}
 g - 2 potions of might
 n - 3 potions of flight
 u - 3 potions of magic


   Skills:
 - Level 7.0 Fighting
 + Level 7.3 Throwing
 - Level 4.5 Dodging
 - Level 6.9 Shields
 - Level 9.5 Unarmed Combat
 - Level 1.2 Spellcasting
 - Level 1.3 Transmutations
 - Level 5.4 Invocations


You had 9 spell levels left.
You knew the following spells:

 Your Spells              Type           Power        Failure   Level
a - Beastly Appendage     Tmut           8%           11%         1
b - Wereblood             Tmut           4%           16%         2

Your spell library contained the following spells:

 Spells                   Type           Power        Failure   Level
 Sandblast                Erth           0%           19%         1
 Passwall                 Tmut/Erth      1%           21%         2
 Spider Form              Tmut/Pois      1%           38%         3
 Stone Arrow              Conj/Erth      0%           45%         3
 Ice Form                 Ice/Tmut       2%           77%         4
 Petrify                  Tmut/Erth      2%           77%         4
 Summon Lightning Spire   Summ/Air       0%           86%         4
 Blade Hands              Tmut           2%           94%         5
 Lee's Rapid Deconstruct  Erth           0%           99%         5
 Silence                  Hex/Air        0%           99%         5
 Conjure Ball Lightning   Conj/Air       0%           100%        6
 Tornado                  Air            0%           100%        9


Dungeon Overview and Level Annotations

Branches:
Dungeon (10/15)            Temple (1/1) D:6            Lair (2/6) D:8
  Swamp: Lair:2-4    Shoals: Lair:2-4     Snake: Lair:2-4    Spider: Lair:2-4
    Orc: D:9-12

Altars:
Ashenzari
Cheibriados
Dithmenos
Elyvilon
Fedhas
Gozag
Hepliaklqana
Kikubaaqudgha
Makhleb
Nemelex Xobeh
Okawaru
Qazlal
Ru
Sif Muna
Trog
Uskayaw
Vehumet
Wu Jian
Xom
Yredelemnul
Zin
The Shining One

Shops:
D:4 }*?}*

Annotations:
D:10 2 runed translucent doors, lmSkywalker's ghost, novice DrTm


Innate Abilities, Weirdness & Mutations

You are too large for most types of armour.
You have claws for hands.
Your natural rate of healing is unusually fast.
You are covered in fur. (AC +1)
You have extremely tough skin. (AC +3)


Message History

The death yak gores you!!
* * * LOW HITPOINT WARNING * * *
You claw the death yak!
The death yak is heavily wounded.
You feel sick.
You barely miss the death yak.
The death yak is heavily wounded.
The death yak closely misses you.
You scratch the death yak.
The death yak is severely wounded.
You feel sick.
You claw the death yak!
The death yak is severely wounded.
The death yak gores you!!
* * * LOW HITPOINT WARNING * * *
You barely miss the death yak.
The death yak is severely wounded.
You feel sick. The death yak gores you!!
You die...
Your body rises from the dead as a mindless zombie.

#♣.♣####
♣♣..♣♣ #♣
♣♣....♣
.♣
♣♣..♣♣..♣
. ♣♣..♣♣
♣..♣ ♣.
♣♣..♣♣
♣..♣ #$#
#♣..♣♣
♣..♣
#.##..♣♣
♣..
#Y@.♣♣ ..
#S##♣♣
#:# ♣. .
.♣ #♣


You could see a death yak and a water moccasin.

Vanquished Creatures
  A hydra (Lair:1)
  Harold (D:8)
  A two-headed ogre (D:7)
  Erica (D:8)
  A black mamba (Lair:2)
  A centaur zombie (D:9)
  A cane toad (Lair:1)
  3 komodo dragons
  A hornet (D:7)
  2 trolls
  5 yaks
  A wyvern (D:8)
  2 wargs (D:8)
  3 water moccasins
  3 orc warriors
  3 sky beasts
  3 ice beasts
  A black bear (D:7)
  3 ogres
  2 phantoms
  6 wolves
  3 centaurs
  A big kobold (D:9)
  9 bullfrogs
  A gnoll sergeant (D:6)
  5 scorpions
  2 wyvern skeletons (D:10)
  A water moccasin skeleton (D:8)
  8 killer bees (D:10)
  5 wights (D:7)
  A howler monkey (D:4)
  A quasit (D:8)
  2 jellies
  2 gnoll shamans
  2 centaur skeletons
  10 hounds
  6 orc priests
  Jessica (D:3)
  7 iguanas
  9 orc wizards
  11 worker ants
  A killer bee zombie (D:9)
  2 worker ant zombies
  19 gnolls
  12 adders
  2 shadow imps (D:6)
  5 white imps
  4 oozes
  2 adder zombies
  4 worms
  2 leopard geckos
  28 orcs
  A ball python (D:1)
  6 giant cockroaches
  8 goblins
  4 hobgoblins
  12 jackals
  6 quokkas
  12 bats
  8 frilled lizards
  16 kobolds
  4 leopard gecko skeletons
  A quokka skeleton (D:9)
  5 rats
296 creatures vanquished.

Vanquished Creatures (collateral kills)
  2 yaks (Lair:1)
  A black bear (D:10)
  4 wolves (Lair:1)
  2 bullfrogs (Lair:1)
  2 killer bees (D:10)
11 creatures vanquished.

Vanquished Creatures (others)
  A wolf spider simulacrum (D:10)
  A centaur simulacrum (D:10)
  A wight (Lair:1)
  A hydra zombie (Lair:1)
  6 wolf zombies (Lair:1)
  2 bullfrog zombies (Lair:1)
  A human zombie (D:8)
  A cane toad zombie (Lair:1)
  2 killer bee zombies (D:10)
  A worker ant zombie (D:8)
  A yak zombie (Lair:1)
  2 fungi (Lair:1)
  A plant (Lair:1)
21 creatures vanquished.

Grand Total: 328 creatures vanquished

Notes
Turn   | Place    | Note
-------+----------+-------------------------------------------
     0 | D:1      | dolemite99 the Troll Transmuter began the quest for the
                  | Orb.
     0 | D:1      | Reached XP level 1. HP: 18/18 MP: 1/1
   337 | D:1      | Reached skill level 1 in Fighting
   579 | D:1      | Reached XP level 2. HP: 27/27 MP: 2/2
  1211 | D:2      | Reached XP level 3. HP: 33/33 MP: 3/3
  1352 | D:2      | Learned a level 2 spell: Wereblood
  1354 | D:2      | Learned a level 1 spell: Beastly Appendage
  1521 | D:2      | Reached XP level 4. HP: 42/42 MP: 2/4
  2078 | D:2      | Found a shimmering blue altar of Sif Muna.
  2199 | D:3      | Found a stormy altar of Qazlal.
  2265 | D:4      | Reached skill level 4 in Unarmed Combat
  2313 | D:4      | Reached XP level 5. HP: 43/50 MP: 5/5
  2332 | D:4      | Found Xoamahir's General Store.
  2340 | D:4      | Bought a scroll of remove curse for 42 gold pieces
  2365 | D:4      | Found Emnaz's Gadget Boutique.
  2376 | D:4      | Bought a wand of paralysis (2) for 48 gold pieces
  2675 | D:4      | Found Jojalile's General Store.
  2803 | D:4      | Reached XP level 6. HP: 28/59 MP: 2/6
  2903 | D:4      | Bought a scroll of teleportation for 36 gold pieces
  2935 | D:4      | Found Kuivveo's Gadget Shoppe.
  3134 | D:4      | Found Rif Sask's Magic Scroll Shop.
  3175 | D:4      | Reached skill level 5 in Unarmed Combat
  3192 | D:4      | Bought a scroll of identify for 24 gold pieces
  3249 | D:3      | Found a white marble altar of Elyvilon.
  3675 | D:3      | Found a blossoming altar of Fedhas.
  4031 | D:3      | Noticed Jessica
  4045 | D:3      | Killed Jessica
  4179 | D:3      | Reached XP level 7. HP: 67/67 MP: 7/7
  4252 | D:3      | Found a hide-covered altar of Uskayaw.
  4582 | D:4      | Bought a scroll of identify for 24 gold pieces
  4613 | D:5      | Entered Level 5 of the Dungeon
  5330 | D:5      | Reached skill level 6 in Unarmed Combat
  5619 | D:6      | Reached skill level 1 in Shields
  5619 | D:6      | Reached XP level 8. HP: 74/78 MP: 6/8
  5866 | D:6      | Found a staircase to the Ecumenical Temple.
  5878 | Temple   | Entered the Ecumenical Temple
  6080 | Temple   | Became a worshipper of Yredelemnul the Dark
  6222 | D:6      | Found a radiant altar of Vehumet.
  6222 | D:6      | Found a hazy altar of Hepliaklqana.
  7060 | D:6      | Reached * piety under Yredelemnul
  7181 | D:7      | Reached skill level 5 in Fighting
  7205 | D:7      | Reached XP level 9. HP: 66/88 MP: 9/9
  7489 | D:7      | Reached skill level 5 in Shields
  7516 | D:7      | Reached skill level 7 in Unarmed Combat
  8024 | D:7      | Noticed a two-headed ogre
  8040 | D:7      | Killed a two-headed ogre
  8044 | D:7      | Reached skill level 8 in Unarmed Combat
  8532 | D:7      | Found an ornate altar of the Wu Jian Council.
  8992 | D:8      | Reached ** piety under Yredelemnul
  9013 | D:8      | Reached skill level 1 in Invocations
  9052 | D:8      | Reached XP level 10. HP: 92/100 MP: 10/10
  9072 | D:8      | Noticed Harold
  9087 | D:8      | Killed Harold
  9168 | D:8      | Noticed Erica
  9181 | D:8      | Your ally Harold died
  9205 | D:8      | Killed Erica
  9206 | D:8      | Reached skill level 5 in Invocations
  9454 | D:8      | Found a sparkling altar of Nemelex Xobeh.
  9473 | D:8      | Found a staircase to the Lair.
 10507 | D:9      | Reached skill level 9 in Unarmed Combat
 10962 | D:9      | Found a sparkling altar of Nemelex Xobeh.
 10981 | D:9      | Reached *** piety under Yredelemnul
 11205 | D:10     | Entered Level 10 of the Dungeon
 11395 | D:10     | Reached skill level 1 in Throwing
 11415 | D:10     | Reached XP level 11. HP: 94/109 MP: 14/14
 11930 | D:10     | Received a gift from Yredelemnul (a wight)
 12044 | D:10     | Noticed a skeletal warrior
 12047 | D:10     | Noticed lmSkywalker's ghost (novice DrTm)
 12047 | D:10     | Noticed a lich
 12047 | D:10     | Noticed a skeletal warrior
 12048 | D:10     | Noticed a harpy
 12049 | D:10     | Noticed a stone giant
 12137 | D:10     | Found a runed translucent door.
 12137 | D:10     | Noticed a necromancer
 12192 | D:10     | Found a runed translucent door.
 12632 | Lair:1   | Entered Level 1 of the Lair of Beasts
 12959 | Lair:1   | Reached skill level 5 in Throwing
 13330 | Lair:1   | Noticed a seven-headed hydra
 13341 | Lair:1   | Killed a seven-headed hydra
 14279 | Lair:2   | Noticed a death yak
 14297 | Lair:2   | Demolished by a death yak

Illustrated notes

Levels and vault maps discovered:
D:1:      erik_arrival_cave_to_civilisation [erik_arrival_cave_to_hall],
          layout_loops_ring
D:2:      layout_loops_cross, lemuel_blue_sif_altar
D:3:      layout_basic, nicolae_overflow_crystal_walls,
          eat_drink_and_be_merry_uskayaw, nicolae_overflow_hidden_temple,
          fedhas_altar_2, uniq_jessica
D:4:      layout_basic, gup_sewer_entry_pipe, serial_shops, shop,
          nicolae_shop_stone, nicolae_shop_crystal, shop, shop,
          kennysheep_generic_room_12
D:5:      layout_basic, abandoned_shop, minmay_fractal_squares_5
D:6:      layout_cave_pools, chequers_temple_overflow_statue_of_worship,
          minmay_temple_entry_glass, chequers_serial_rivers_room_a,
          hangedman_minor_gate_pass
D:7:      layout_gridville, pdpol_wu_jian_five_deadly_venoms
D:8:      layout_loops_cross, erik_lair_orcish_takeover,
          minmay_misc_feat_rugged, roderic_batcave, lemuel_tele_altar,
          uniq_harold, uniq_erica
D:9:      layout_loops_ring, nemelex_diamond_rough_becter
D:10:     layout_loops_cross, muffindrake_ghost_dual_entry
Temple:   regret_index_temple_waves
Lair:1:   layout_regular_city
Lair:2:   nzn_winding_woodlands_large [nzn_winding_woodlands_5x5_open_star,
          nzn_winding_woodlands_5x15_lazy_stream,
          nzn_winding_woodlands_5x5_default,
          nzn_winding_woodlands_center_pierced_h,
          nzn_winding_woodlands_15x15_thick_spiral,
          nzn_winding_woodlands_center_diamonds,
          nzn_winding_woodlands_hourglass,
          nzn_winding_woodlands_5x15_sidewinder,
          nzn_winding_woodlands_5x5_perimeter], layout_loops_ring,
          minmay_swamp_entry_worms

Skill      XL: |  1  2  3  4  5  6  7  8  9 10 11 |
---------------+----------------------------------+-----
Fighting       | 1 2 3 4 5 6 7 |  7.0
Dodging        | 2 3 4 |  4.5
Unarmed Combat | 4 5 6 8 9 |  9.5
Shields        | 1 4 6 |  6.9
Invocations    | 1 5 |  5.4
Throwing       | 1 7 |  7.3
Spellcasting   | |  1.2
Transmutations | |  1.3

Action                   |  1- 3 |  4- 6 |  7- 9 | 10-12 || total
-------------------------+-------+-------+-------+-------++-------
Melee: Unarmed           |    11 |    56 |   308 |   490 ||   865
       Dagger            |    96 |    96 |       |       ||   192
       Headbutt          |       |     5 |    12 |     3 ||    20
       Kick              |       |     3 |    26 |     6 ||    35
       Punch             |       |     2 |       |       ||     2
       Staff             |       |       |       |     1 ||     1
Throw: Dart              |       |       |    31 |    43 ||    74
       Large rock        |       |       |       |     8 ||     8
       Boomerang         |       |       |       |    12 ||    12
 Cast: Wereblood         |     1 |     8 |       |       ||     9
       Beastly Appendage |       |     8 |    13 |     4 ||    25
Invok: Injury Mirror     |       |       |       |     3 ||     3
       Animate Remains   |       |       |       |     2 ||     2
       Animate Dead      |       |       |       |    16 ||    16
       Recall Undead Sla |       |       |       |     1 ||     1
  Use: Scroll            |     1 |     8 |     6 |     4 ||    19
       Potion            |       |       |     4 |     9 ||    13
 Stab: Distracted        |       |       |       |     3 ||     3
       Invisible         |       |       |       |     3 ||     3
Armor: Robe              |    37 |    68 |    72 |    79 ||   256
       Skin              |       |       |       |     1 ||     1
Dodge: Dodged            |    53 |    90 |    82 |   149 ||   374
       Repelled          |       |       |       |     3 ||     3
Block: Kite shield       |       |       |   232 |   312 ||   544
       Reflection        |       |       |     9 |    10 ||    19
